 Dungeon Crawl Stone Soup version 0.19-a0-1493-gd0fcaa6 (webtiles) character file.

1209 mmcf the Carver (level 8, -1/71 HPs)
             Began as a Minotaur Berserker on Sept 8, 2016.
             Was a Priest of Trog.
             Slain by a hill giant
             ... wielding a +0 giant club
              (40 damage)
             ... on level 5 of the Dungeon on Sept 9, 2016.
             The game lasted 00:17:31 (4226 turns).

mmcf the Carver (Minotaur Berserker)                Turns: 4226, Time: 00:17:49

Health: -1/71      AC:  4    Str: 21    XL:     8   Next: 22%
Magic:  16/16      EV: 14    Int:  4    God:    Trog [***...]
Gold:   206        SH:  5    Dex: 13    Spells: 0 memorised, 7 levels left

rFire  . . .     SeeInvis .     a - +0 falchion
rCold  . . .     Gourm    .     p - +0 leather armour
rNeg   . . .     Faith    .     (no shield)
rPois  .         Spirit   .     l - +0 hat
rElec  .         Dismiss  .     e - +0 cloak
rCorr  +         Reflect  +     (no gloves)
MR     ++...     Harm     .     (no boots)
Stlth  +.........               h - +5 amulet of reflection
                                s - ring of magical power
                                g - ring of resist corrosion

@: regenerating
A: retaliatory headbutt, horns 2
a: Berserk, Trog's Hand, Burn Spellbooks, Renounce Religion


You were on level 5 of the Dungeon.
You worshipped Trog.
Trog was most pleased with you.
You were not hungry.

You visited 1 branch of the dungeon, and saw 6 of its levels.

You collected 206 gold pieces.

Inventory:

Hand Weapons
 a - a +0 falchion (weapon)
Armour
 e - a +0 cloak (worn)
 l - a +0 hat (worn)
 p - a +0 leather armour (worn)
 u - a +0 chain mail
Jewellery
 g - a ring of resist corrosion (left hand)
 h - a +5 amulet of reflection (around neck)
 s - a ring of magical power (right hand)
Wands
 b - a wand of disintegration (7/24)
Scrolls
 i - 2 scrolls of amnesia {unknown}
 j - 3 scrolls of teleportation {unknown}
 k - 3 scrolls of recharging {unknown}
 m - 3 scrolls of remove curse {unknown}
 w - a scroll of fog {unknown}
Potions
 d - 2 potions of curing
 f - a potion of ambrosia
 n - a potion of might {unknown}
 o - a potion of flight
 r - a potion of haste {unknown}
 t - 2 potions of agility {unknown}
 v - 2 potions of brilliance {unknown}
 x - 2 potions of cancellation {unknown}
Comestibles
 c - 2 bread rations
 q - 2 slices of pizza
 z - 5 chunks of flesh
 A - a meat ration


   Skills:
 + Level 6.5 Fighting
 + Level 9.3 Long Blades
 - Level 2.4 Armour
 + Level 5.7 Dodging


You had 7 spell levels left.
You didn't know any spells.

Dungeon Overview and Level Annotations

Branches:
Dungeon (6/15)             Temple (0/1) D:6

Altars:
Dithmenos
Sif Muna


Innate Abilities, Weirdness & Mutations

You reflexively headbutt those who attack you in melee.
You have a pair of horns on your head.


Message History

The hill giant is lightly wounded.
You hit the hill giant. You headbutt the hill giant!
The hill giant is moderately wounded.
The hill giant barely misses you.
An orc comes into view. It is wielding a club.
The orc shouts!
You slash the hill giant!
You headbutt the hill giant, but do no damage.
The hill giant is heavily wounded.
You hit the hill giant.
The hill giant is heavily wounded.
The hill giant barely misses you.
You riposte.
You slash the hill giant!
The hill giant is severely wounded.
Your skin crawls.
You feel resistant to hostile enchantments.
You feel somewhat more hungry. You block the adder's attack.
The orc hits you from afar with a trident.
The hill giant hits you with a giant club!!!
Ouch! That really hurt!
You die...

.# ###########+#.#
#.##.............#
#.##.............#
#.##.....?.......#
#.##.............#
#.##.............#
#.##......@Co....#
#.##.......S.o...#
#>.+...........o..
#.##............#.
+...............+
#.#.............#
#.#.............#
..#.............#
##.............


You could see a hill giant, an orc priest, an adder and 2 orcs.

Vanquished Creatures
  Eustachio (D:4)
  A sky beast (D:4)
  4 ogres
  A scorpion (D:3)
  2 howler monkeys
  A crimson imp (D:6)
  A hound (D:4)
  4 orc priests
  An orc wizard (D:5)
  An iguana (D:4)
  2 worker ants (D:4)
  3 gnolls (D:4)
  9 adders
  An ooze (D:3)
  An adder skeleton (D:5)
  5 worms
  3 dart slugs
  2 giant geckos
  10 orcs (D:3)
  7 giant cockroaches
  6 hobgoblins
  2 jackals (D:1)
  A quokka (D:2)
  9 bats
  5 giant newts
  6 goblins
  6 kobolds
  A quokka skeleton (D:5)
  9 rats
105 creatures vanquished.

Notes
Turn   | Place    | Note
-------+----------+-------------------------------------------
     0 | D:1      | mmcf the Minotaur Berserker began the quest for the Orb.
     0 | D:1      | Reached XP level 1. HP: 19/19 MP: 0/0
   102 | D:2      | Reached skill level 4 in Long Blades
   131 | D:2      | Reached XP level 2. HP: 15/26 MP: 1/1
   678 | D:1      | Reached ** piety under Trog
   680 | D:1      | Reached skill level 5 in Long Blades
   796 | D:2      | Reached XP level 3. HP: 31/31 MP: 2/2
   923 | D:2      | Reached skill level 6 in Long Blades
   923 | D:2      | Reached XP level 4. HP: 9/39 MP: 3/3
  1345 | D:3      | Reached XP level 5. HP: 15/45 MP: 4/4
  1351 | D:3      | Reached skill level 7 in Long Blades
  2184 | D:3      | Reached XP level 6. HP: 49/52 MP: 5/5
  2362 | D:3      | Reached *** piety under Trog
  2381 | D:3      | Found a shadowy altar of Dithmenos.
  2545 | D:4      | Noticed a sky beast
  2559 | D:4      | Killed a sky beast
  2972 | D:3      | Reached skill level 8 in Long Blades
  3108 | D:5      | Entered Level 5 of the Dungeon
  3174 | D:4      | Reached XP level 7. HP: 45/60 MP: 6/6
  3196 | D:4      | Reached skill level 5 in Fighting
  3455 | D:4      | Noticed Eustachio
  3574 | D:4      | Killed Eustachio
  3574 | D:4      | Reached skill level 5 in Dodging
  3747 | D:4      | Reached skill level 9 in Long Blades
  3794 | D:4      | Reached XP level 8. HP: 54/70 MP: 7/7
  3867 | D:5      | Found a deep blue altar of Sif Muna.
  4061 | D:5      | Upgraded the game from 0.19-a0-1490-g5dd3618 to 0.19-a0-1493-gd0fcaa6
  4184 | D:6      | Found a staircase to the Ecumenical Temple.
  4218 | D:5      | Noticed a hill giant
  4226 | D:5      | Slain by a hill giant

Vault maps used:
D:1:      eino_arrival_cavern_b
D:2:      first_bread
D:3:      lemuel_coloured_pillars_altar
D:4:      hangedman_decor_riveting, uniq_eustachio
D:5:      overflow_temple_1_default, led_sif_book
D:6:      overflow_temple_1_default

Skill      XL: |  1  2  3  4  5  6  7 |
---------------+----------------------+-----
Long Blades    | 4 5 6 7 8 9 |  9.3
Fighting       | 4 6 |  6.5
Dodging        | 4 5 |  5.7
Armour         | |  2.4

Action                   |  1- 3 |  4- 6 |  7- 9 || total
-------------------------+-------+-------+-------++-------
Melee: Falchion          |    65 |   140 |   104 ||   309
       Headbutt          |    14 |    25 |    22 ||    61
Invok: Trog's Hand       |       |     1 |     2 ||     3
       Berserk           |       |     1 |     1 ||     2
  Use: Scroll            |       |     3 |       ||     3
 Stab: Sleeping          |     1 |     1 |       ||     2
  Eat: Chunk             |       |     9 |     3 ||    12
       Beef jerky        |       |       |     1 ||     1
Armor: Animal skin       |    11 |       |       ||    11
       Leather armour    |     1 |    22 |     9 ||    32
       Chain mail        |       |     1 |       ||     1
Dodge: Dodged            |    41 |    53 |    44 ||   138
Block: Other             |     2 |    21 |    14 ||    37
       Reflection        |     2 |       |       ||     2
